 Dungeon Crawl Stone Soup version 0.23.2-1-ga50397a (webtiles) character file.

Game seed: 15059265010386501782

3196 xveg the Carver (level 9, -2/80 HPs)
             Began as a Minotaur Berserker on May 7, 2019.
             Was a High Priest of Trog.
             Slain by Harold
             ... wielding a cursed -2 glaive
              (6 damage)
             ... on level 8 of the Dungeon on May 8, 2019.
             The game lasted 00:18:03 (6869 turns).

xveg the Carver (Minotaur Berserker)                Turns: 6869, Time: 00:18:04

Health: -2/80      AC: 10    Str: 25    XL:     9   Next: 64%
Magic:  9/9        EV: 13    Int:  4    God:    Trog [*****.]
Gold:   328        SH:  0    Dex: 10    Spells: 8/8 levels left

rFire    . . .     SeeInvis .   a - +2 falchion
rCold    . . .     Gourm    .   (no shield)
rNeg     . . .     Faith    .   k - +2 ring mail {MR+}
rPois    .         Spirit   .   (helmet restricted)
rElec    .         Reflect  .   (no cloak)
rCorr    .         Harm     .   p - +0 pair of gloves
MR       +....                  (no boots)
Stlth    ..........             (no amulet)
HPRegen  0.23/turn              j - ring of attention (curse)
MPRegen  0.11/turn              (no ring)

@: berserk cooldown, slowed, very slow
A: retaliatory headbutt, horns 2
a: Berserk, Trog's Hand, Brothers in Arms, Renounce Religion


You were on level 8 of the Dungeon.
You worshipped Trog.
Trog was extremely pleased with you.
You were very hungry.

You visited 2 branches of the dungeon, and saw 9 of its levels.

You collected 328 gold pieces.

Inventory:

Hand Weapons
 a - a +2 falchion (weapon)
 s - a +0 flail of crushing
 w - a +0 long sword
Armour
 b - a +0 animal skin
 g - a +2 ring mail of fire resistance
 k - a +2 ring mail of magic resistance (worn)
 p - a +0 pair of gloves (worn)
Jewellery
 j - a cursed ring of attention (left hand)
Wands
 o - a wand of flame (7)
 r - a wand of iceblast (3)
 u - a wand of random effects (20)
 v - a wand of disintegration (5)
 y - a wand of digging (3)
Scrolls
 d - 2 scrolls of fear
 f - 4 scrolls of identify
 l - 5 scrolls of remove curse
 n - 2 scrolls of noise
 q - a scroll of blinking
Potions
 e - a potion of cancellation
 h - a potion of magic {unknown}
 i - 3 potions of brilliance {unknown}
 m - 2 potions of curing
 t - a potion of flight {unknown}
Comestibles
 c - 13 rations


   Skills:
 + Level 7.7 Fighting
 + Level 10.9 Long Blades
 + Level 8.0 Armour
 + Level 6.0 Dodging
 + Level 1.4 Stealth
 + Level 1.9 Evocations


You had 8 spell levels left.
You didn't know any spells.
Your spell library contained the following spells:

 Spells                   Type           Power        Failure   Level  Hunger
 Magic Dart               Conj           #...         63%         1    ##.....
 Blink                    Tloc           N/A          77%         2    ###....
 Call Imp                 Summ           #.......     77%         2    ###....
 Slow                     Hex            #.......     77%         2    ###....
 Conjure Flame            Conj/Fire      #.......     94%         3    ####...
 Mephitic Cloud           Conj/Pois/Air  #.......     94%         3    ####...


Dungeon Overview and Level Annotations

Branches:
Dungeon (8/15)             Temple (1/1) D:4            Lair (0/6) D:8

Altars:
Ashenzari
Cheibriados
Dithmenos
Elyvilon
Fedhas
Gozag
Hepliaklqana
Kikubaaqudgha
Makhleb
Nemelex Xobeh
Okawaru
Qazlal
Ru
Sif Muna
Trog
Uskayaw
Vehumet
Wu Jian
Xom
Yredelemnul
Zin
The Shining One

Annotations:
D:8 Harold


Innate Abilities, Weirdness & Mutations

You reflexively headbutt those who attack you in melee.
You have a pair of horns on your head.


Message History

The bullfrog closely misses you.
You riposte.
You closely miss the bullfrog. You headbutt the bullfrog.
The bullfrog is moderately wounded.
Harold hits you with a cursed -2 glaive!
* * * LOW HITPOINT WARNING * * *
The bullfrog closely misses you.
You riposte.
You slash the bullfrog! Your headbutt misses the bullfrog.
The bullfrog is severely wounded.
You see here a worker ant corpse.
You feel better. The bullfrog barely misses you.
You riposte.
You slash the bullfrog!
You kill the bullfrog!
Trog accepts your kill.
Your Dodging skill increases to level 6!
Harold closely misses you.
You riposte.
You hit Harold. You headbutt Harold.
Harold is moderately wounded.
Harold hits you with a cursed -2 glaive!
* * * LOW HITPOINT WARNING * * *
Harold hits you from afar with a cursed -2 glaive.
You die...

#.Z.........###
#..###...$###
#.. #...## #
##.. #..###
...#..S##.#
......Z#..#
#.@.# #.#†#
#.##@# ## ##.#
##


You could see Harold, an adder and a leopard gecko skeleton.

Vanquished Creatures
  Joseph (D:7)
  Grinder (D:3)
  A hippogriff (D:7)
  A spriggan (D:7)
  Menkaure (D:7)
  An ice beast (D:5)
  7 ogres
  3 big kobolds
  A gnoll sergeant (D:7)
  3 bullfrogs
  4 scorpions
  A crimson imp (D:7)
  A quasit (D:7)
  A centaur zombie (D:6)
  3 hounds
  3 centaur skeletons (D:4)
  A jelly (D:6)
  4 orc wizards
  An iguana (D:5)
  6 worker ants
  A hound skeleton (D:5)
  A worker ant zombie (D:6)
  12 gnolls
  4 adders
  A shadow imp (D:7)
  An ooze (D:7)
  3 worms
  10 leopard geckos
  27 orcs
  A ball python (D:7)
  8 bats
  7 giant cockroaches
  A goblin (D:3)
  7 hobgoblins
  4 jackals (D:1)
  5 quokkas
  6 frilled lizards
  23 kobolds
  2 leopard gecko skeletons
  A quokka zombie (D:7)
  20 rats
190 creatures vanquished.

Notes
Turn   | Place    | Note
-------+----------+-------------------------------------------
     0 | D:1      | xveg the Minotaur Berserker began the quest for the Orb.
     0 | D:1      | Reached XP level 1. HP: 19/19 MP: 0/0
    82 | D:1      | Reached XP level 2. HP: 19/27 MP: 1/1
   197 | D:1      | Reached skill level 4 in Long Blades
   949 | D:2      | Reached XP level 3. HP: 33/33 MP: 2/2
   959 | D:2      | Reached ** piety under Trog
  1508 | D:3      | Reached XP level 4. HP: 33/41 MP: 3/3
  1635 | D:3      | Reached skill level 5 in Long Blades
  1974 | D:3      | Reached *** piety under Trog
  1974 | D:3      | Reached XP level 5. HP: 47/47 MP: 4/4
  2199 | D:3      | Noticed Grinder
  2214 | D:3      | Killed Grinder
  2214 | D:3      | Reached skill level 5 in Fighting
  2214 | D:3      | Reached skill level 6 in Long Blades
  2214 | D:3      | Reached XP level 6. HP: 26/56 MP: 5/5
  2569 | D:4      | Found a staircase to the Ecumenical Temple.
  2586 | Temple   | Entered the Ecumenical Temple
  3064 | D:4      | Reached skill level 1 in Stealth
  3162 | D:4      | Reached XP level 7. HP: 56/61 MP: 6/6
  3170 | D:4      | Found an iron altar of Okawaru.
  3502 | D:5      | Entered Level 5 of the Dungeon
  3631 | D:5      | Reached skill level 7 in Long Blades
  3631 | D:5      | Reached skill level 5 in Armour
  3817 | D:5      | Reached skill level 1 in Evocations
  4169 | D:5      | Reached **** piety under Trog
  4197 | D:5      | Reached skill level 8 in Long Blades
  4197 | D:5      | Reached XP level 8. HP: 54/70 MP: 7/7
  4560 | D:6      | Found a stormy altar of Qazlal.
  4622 | D:5      | Reached skill level 9 in Long Blades
  5464 | D:7      | Found a shattered altar of Ashenzari.
  5810 | D:7      | Reached skill level 5 in Dodging
  5867 | D:7      | Reached XP level 9. HP: 73/78 MP: 9/9
  5921 | D:7      | Reached ***** piety under Trog
  5921 | D:7      | Reached skill level 10 in Long Blades
  5946 | D:7      | Found a hide-covered altar of Uskayaw.
  6014 | D:7      | Noticed Menkaure
  6021 | D:7      | Killed Menkaure
  6024 | D:7      | Noticed Joseph
  6042 | D:7      | Killed Joseph
  6847 | D:8      | Found a staircase to the Lair.
  6851 | D:8      | Noticed Harold
  6868 | D:8      | HP: 3/80 [Harold/cursed -2 glaive (15)]
  6869 | D:8      | Slain by Harold

Skill      XL: |  1  2  3  4  5  6  7  8  9 |
---------------+----------------------------+-----
Long Blades    | 4 5 6 8 9 10 | 10.9
Fighting       | 4 5 6 7 |  7.7
Armour         | 3 4 5 7 8 |  8.0
Dodging        | 3 4 5 6 |  6.0
Stealth        | 1 |  1.4
Evocations     | 1 |  1.9

Action                   |  1- 3 |  4- 6 |  7- 9 || total
-------------------------+-------+-------+-------++-------
Melee: Falchion          |   110 |    97 |   253 ||   460
       Headbutt          |    16 |    23 |    53 ||    92
Invok: Trog's Hand       |     1 |       |       ||     1
       Berserk           |       |     1 |     4 ||     5
Evoke: Wand              |       |       |    14 ||    14
  Use: Scroll            |     4 |     3 |     4 ||    11
       Potion            |       |     1 |     3 ||     4
 Stab: Sleeping          |     1 |       |       ||     1
  Eat: Chunk             |     2 |     3 |    11 ||    16
       Ration            |       |     1 |     1 ||     2
Armor: Animal skin       |     2 |       |       ||     2
       Ring mail         |    30 |    33 |    63 ||   126
Dodge: Dodged            |    82 |    44 |   156 ||   282
       Rpst.: Falchion   |    23 |    11 |    43 ||    77
